 Dungeon Crawl Stone Soup version 0.29.0-4-gdea44cf6ec (webtiles) character file.

Game seed: 594115832918132873

44 sanka the Twirler (level 3, -2/20 HPs)
             Began as a Deep Elf Gladiator on Aug 26, 2022.
             Killed from afar by Sigmund (7 damage)
             ... with a magic dart
             ... on level 2 of the Dungeon.
             The game lasted 00:02:05 (1999 turns).

sanka the Twirler (Deep Elf Gladiator)              Turns: 1999, Time: 00:02:05

Health: -2/20      AC:  4    Str: 11    XL:     3   Next: 39%
Magic:  5/5        EV: 13    Int: 14    God:
Gold:   110        SH:  0    Dex: 16    Spells: 2/2 levels left

rFire   . . .      SeeInvis .   a - +0 quarterstaff
rCold   . . .      Faith    .   (shield currently unavailable)
rNeg    . . .      Spirit   .   b - +0 leather armour
rPois   .          Reflect  .   c - +0 helmet
rElec   .          Harm     .   (no cloak)
rCorr   .          Rampage  .   (no gloves)
Will    .....                   (no boots)
Stlth   +.........              (no amulet)
HPRegen 0.06/turn               (no ring)
MPRegen 0.09/turn               (no ring)

@: no status effects
A: no striking features
a: no special abilities


You were on level 2 of the Dungeon.
You visited 1 branch of the dungeon, and saw 2 of its levels.

You collected 110 gold pieces.

Inventory:

Hand Weapons
 a - a +0 quarterstaff (weapon)
Missiles
 d - 2 throwing nets (quivered)
 e - a javelin
Armour
 b - a +0 leather armour (worn)
 c - a +0 helmet (worn)
Wands
 o - a wand of charming (6)
Scrolls
 i - a scroll of identify {unknown}
 k - a scroll of fear {unknown}
 l - a scroll of poison {unknown}
 m - a scroll of amnesia {unknown}
 p - a scroll of immolation {unknown}
Potions
 f - a potion of degeneration {unknown}
 g - a potion of haste {unknown}
 h - a potion of curing {unknown}
 j - a potion of brilliance {unknown}
 n - a potion of ambrosia {unknown}


   Skills:
 - Level 1.5 Fighting
 + Level 4.5 Staves
 - Level 2.0 Throwing
 - Level 3.6 Dodging


You had 2 spell levels left.
You didn't know any spells.
Your spell library contained the following spells:

 Spells                   Type           Power      Damage    Failure   Level
 Summon Small Mammal      Summ           0%         N/A       36%         1
 Call Canine Familiar     Summ           0%         N/A       75%         3
 Gell's Gravitas          Tloc           0%         N/A       75%         3
 Lesser Beckoning         Tloc           0%         N/A       75%         3
 Summon Guardian Golem    Hex/Summ       0%         N/A       75%         3
 Teleport Other           Tloc           0%         N/A       75%         3


Dungeon Overview and Level Annotations

Branches:
Dungeon (2/15)

Altars:

Annotations:
D:2 Sigmund


Message History

The endoplasm freezes you.
You are frozen.
You barely miss the endoplasm. The endoplasm freezes you.
You are frozen.
You hit the endoplasm.
The endoplasm is moderately wounded.
The endoplasm freezes you.
You are frozen.
You are too injured to fight recklessly!
You are too injured to fight recklessly!
You are too injured to fight recklessly!
You are too injured to fight recklessly!
You are too injured to fight recklessly!
You hit the endoplasm.
You kill the endoplasm!
You start resting.
HP restored.
You now have 110 gold pieces (gained 18).
Sigmund the Dreaded comes into view.
He is wielding a +0 scythe.
Found a stone staircase leading up.
Sigmund shouts!
Sigmund points at you and mumbles some strange words.
The magic dart hits you!
You see here 6 poisoned darts.
Throw: 3 throwing nets
Press: ? - help, Q - select action, (/) - cycle Shift-Dir - straight line, f - Sigmund
Aim: Sigmund, wielding a +0 scythe and wearing a +0 robe (57% to hit)
You throw a throwing net.
The throwing net closely misses Sigmund.
Sigmund mumbles some strange words.
Sigmund flickers and vanishes!
Deactivating autopickup; reactivate with Ctrl-A.
Something hits you.
A puff of flame appears from out of thin air!
The puff of flame hits you.
* * * LOW HITPOINT WARNING * * *
A magic dart appears from out of thin air!
The magic dart hits you!
You die...

##.#.#.#.# ..........
#........ .#.#.#.#.#
##........ ...#######
.......... .......#
..<......## ##.....#
..........## .......#
#.....(..[.## .......##
#...........#
##......########@..........#
####......{...............#
..........######...........#
#####...#....####..........#
#........{............##
.....#########...(......#
###...# #..........# #...#
#..........# #####
#..........#


There were no monsters in sight!

Vanquished Creatures
  2 dart slugs
  3 bats
  7 endoplasms
  5 goblins
  3 hobgoblins (D:1)
  2 quokkas (D:1)
  3 ball pythons
  3 frilled lizards (D:1)
  3 kobolds
  5 rats
36 creatures vanquished.

Vanquished Creatures (others)
  A fungus (D:1)
1 creature vanquished.

Grand Total: 37 creatures vanquished

Notes
Turn   | Place    | Note
-------+----------+-------------------------------------------
     0 | D:1      | sanka the Deep Elf Gladiator began the quest for the Orb.
     0 | D:1      | Reached XP level 1. HP: 12/12 MP: 3/3
   429 | D:1      | Found a faded altar of an unknown god.
   586 | D:1      | Reached XP level 2. HP: 14/16 MP: 4/4
   897 | D:1      | Reached skill level 4 in Staves
  1340 | D:2      | Reached XP level 3. HP: 20/20 MP: 5/5
  1976 | D:2      | Noticed Sigmund
  1999 | D:2      | Killed from afar by Sigmund

Illustrated notes

Levels and vault maps discovered:
D:1:      mrwooster_arrival_statue_3, layout_loops_ring,
          shapermc_ecumenical_altar_acropolis
D:2:      layout_rooms, st_stairs_10, minivault_14, uniq_sigmund

Skill      XL: |  1  2 |
---------------+-------+-----
Staves         | 4 |  4.5
Fighting       | |  1.5
Throwing       | |  2.0
Dodging        | |  3.6

Action                   || total
-------------------------++-------
Melee: Quarterstaff      ||    82
Throw: Throwing net      ||     1
 Stab: Sleeping          ||     2
Armor: Leather armour    ||    19
Dodge: Dodged            ||    38
